 Dungeon Crawl Stone Soup version 0.21-a0-504-g2eda330 (webtiles) character file.

17058 Gorglomux the Grappler (level 12, -5/119 HPs)
             Began as a Troll Monk on Nov 25, 2017.
             Was an Elder of Wu Jian.
             Slain by a yak (17 damage)
             ... on level 3 of the Lair of Beasts.
             The game lasted 00:55:50 (11810 turns).

Gorglomux the Grappler (Troll Monk)                Turns: 11810, Time: 00:55:50

Health: -5/119     AC:  7    Str: 25    XL:     12   Next: 15%
Magic:  11/11      EV: 13    Int:  7    God:    Wu Jian [****..]
Gold:   308        SH: 13    Dex: 12    Spells: 11/11 levels left

rFire    + . .     SeeInvis .     - Unarmed
rCold    + + .     Gourm    +   L - +2 shield (curse)
rNeg     . . .     Faith    .   x - +2 robe {MR+}
rPois    .         Spirit   .   (helmet restricted)
rElec    .         Reflect  .   K - scarf {rC+ rF+}
rCorr    .         Harm     .   (gloves unavailable)
MR       ++...                  (boots unavailable)
Stlth    ++........             r - amulet of regeneration
HPRegen  1.09/turn              c - ring of protection from cold
MPRegen  0.12/turn              m - ring of protection from magic (curse)

@: lethally poisoned (-5 -> -5)
A: large, unfitting armour, claws 3, fast metabolism 3, gourmand, regeneration
1, shaggy fur 1, tough skin 2
a: Serpent's Lash, Renounce Religion


You were on level 3 of the Lair of Beasts.
You worshipped Wu Jian.
Wu Jian was greatly pleased with you.
You were very full.

You visited 3 branches of the dungeon, and saw 15 of its levels.

You collected 819 gold pieces.
You spent 511 gold pieces at shops.

Inventory:

Hand Weapons
 E - a +0 giant spiked club
Missiles
 Z - 3 throwing nets (quivered)
Armour
 x - a +2 robe of magic resistance (worn)
 K - a scarf of resistance (worn)
 L - a cursed +2 shield (worn)
Jewellery
 c - a ring of protection from cold (left claw)
 l - an uncursed ring of positive energy
 m - a cursed ring of protection from magic (right claw)
 r - an amulet of regeneration (around neck)
Wands
 o - a wand of disintegration (22)
 t - a wand of flame (21)
 A - a wand of acid (13)
 D - a wand of digging (13)
 P - a wand of paralysis (20)
Scrolls
 n - a scroll of fog
 q - 2 scrolls of enchant weapon
 w - 7 scrolls of remove curse
 C - 3 scrolls of fear
 M - 5 scrolls of magic mapping
 R - 3 scrolls of identify
 S - 4 scrolls of immolation
 U - 4 scrolls of teleportation
 X - 4 scrolls of blinking
Potions
 p - 6 potions of mutation {!q}
 s - 6 potions of brilliance
 v - a potion of ambrosia
 F - 2 potions of lignification
 I - 2 potions of flight
 J - 4 potions of agility
 N - 2 potions of magic
 Q - 3 potions of curing
 T - 4 potions of might
 V - 2 potions of resistance
Books
 B - a book of Transfigurations

   Spells                             Type                      Level
   a - Irradiate                      Conjuration/Transmutation    5
   b - Statue Form                    Transmutation/Earth          6
   c - Hydra Form                     Transmutation                6
   d - Dragon Form                    Transmutation                7
Miscellaneous
 W - a sack of spiders
Comestibles
 b - 11 bread rations
 z - 9 meat rations
 H - 8 royal jellies
 O - a chunk of flesh
 Y - 4 fruits


   Skills:
 + Level 8.1 Fighting
 + Level 7.6 Armour
 + Level 8.1 Dodging
 - Level 1.0 Stealth
 + Level 7.1 Shields
 + Level 9.7 Unarmed Combat


You had 11 spell levels left.
You didn't know any spells.

Dungeon Overview and Level Annotations

Branches:
Dungeon (11/15)            Temple (1/1) D:4            Lair (3/6) D:9
  Swamp (0/4) Lair:2
  Snake: Lair:2-4    Spider: Lair:2-4       Orc: D:9-12

Altars:
Ashenzari
Dithmenos
Elyvilon
Fedhas
Gozag
Kikubaaqudgha
Okawaru
Qazlal
Ru
Sif Muna
Trog
Uskayaw
Vehumet
Wu Jian
Yredelemnul
The Shining One

Shops:
D:5 [   D:8 ?   D:9 ?   D:11 (


Innate Abilities, Weirdness & Mutations

You are too large for most types of armour.
You have claws for hands.
Your metabolism is lightning-fast.
You like to eat raw meat.
Your natural rate of healing is unusually fast.
You are covered in fur. (AC +1)
You have very tough skin. (AC +2)


Message History

You resist with almost no effort!
You feel less exhausted!
You feel sick!
You feel sick!
You feel sick!
You feel sick!
You feel butt!
You feel sick!
You feel sick!
You feel sick!
You feel sick!
You feel sick! The basilisk gazes at you! You resist with almost no effort!
Unknown command!
A naga comes into view!
Butt is wielding a trident!
The naga shouts!!!
You hear a shout!!!
You hear a butt!!!
A naga comes into view! It is wielding a long butt!
Butt feel sick!
The yak gores you!!! rip

...........
........... ...
..........# ♣♣N♣
..... ..........#
.N≈ .....
.........## ≈.P
#..... #.........
##.# #......
##.##...## #..#
....... ## ####
##.###....... ####
#.@Y.........
##.P## #####Y##....
.....## ##...# .
......## #P..##
.......## #Y.##
........## ####..#
.........## #.#.l.#
..........###...###
..........P##....#


You could see 2 yaks and 2 nagas.

Vanquished Creatures
  The ghost of EnegeticOcto the Fighter, a journeyman DrTm of Ru (Lair:3)
  A hydra (Lair:2)
  A two-headed ogre (D:11)
  A queen ant (Lair:2)
  Sonja (D:10)
  A manticore (D:10)
  A black mamba (Lair:1)
  5 spiny frogs
  The ghost of dvd the Cudgeler, an amateur TrBe of Trog (D:4)
  A tyrant leech (Lair:1)
  2 trolls (D:11)
  Sigmund (D:2)
  10 yaks
  2 hungry ghosts
  3 fire bats (Lair:2)
  2 basilisks
  Eustachio (D:5)
  Edmund (D:6)
  7 soldier ants
  3 porcupines
  7 water moccasins
  2 orc warriors
  A sky beast (D:10)
  A black bear (Lair:2)
  An ice beast (D:11)
  3 ogres
  17 wolves
  5 centaurs
  3 crocodiles
  2 big kobolds
  Blork the orc (D:4)
  10 bullfrogs
  A scorpion (D:11)
  A water moccasin skeleton (D:8)
  2 howler monkeys (D:9)
  3 wights (D:10)
  6 electric eels
  6 crimson imps
  A centaur zombie (D:9)
  A bullfrog zombie (D:11)
  5 hounds
  2 jellies
  2 quasits
  7 orc priests
  15 orc wizards
  Natasha (thrice) (D:2)
  2 iguanas
  26 worker ants
  A hound skeleton (D:4)
  A worker ant zombie (D:8)
  A gnoll (D:1)
  7 adders
  3 shadow imps
  An adder zombie (D:7)
  A worm (D:2)
  3 dart slugs
  3 leopard geckos
  44 orcs
  8 bats
  7 giant cockroaches
  9 goblins
  5 hobgoblins
  20 jackals
  A quokka (D:5)
  2 ball pythons
  4 frilled lizards
  13 kobolds
  4 rats
320 creatures vanquished.

Vanquished Creatures (others)
  2 fungi
  2 plants
4 creatures vanquished.

Grand Total: 324 creatures vanquished

Notes
Turn   | Place    | Note
-------+----------+-------------------------------------------
     0 | D:1      | Gorglomux the Troll Monk began the quest for the Orb.
     0 | D:1      | Reached XP level 1. HP: 22/22 MP: 0/0
   107 | D:1      | Reached XP level 2. HP: 29/29 MP: 1/1
   219 | D:1      | Reached skill level 1 in Armour
   219 | D:1      | Reached XP level 3. HP: 36/36 MP: 2/2
   719 | D:2      | Noticed Sigmund
   788 | D:2      | Killed Sigmund
   788 | D:2      | Reached skill level 3 in Fighting
   788 | D:2      | Reached skill level 3 in Dodging
   788 | D:2      | Reached skill level 4 in Unarmed Combat
   788 | D:2      | Reached XP level 4. HP: 41/45 MP: 3/3
   788 | D:2      | Reached XP level 5. HP: 49/53 MP: 4/4
   795 | D:2      | Noticed Natasha
   907 | D:2      | Killed Natasha
   964 | D:2      | Noticed Natasha
   974 | D:2      | Killed Natasha
   982 | D:2      | Noticed Natasha
   985 | D:2      | Killed Natasha
   985 | D:2      | Reached XP level 6. HP: 61/61 MP: 5/5
  1121 | D:2      | Found a deep blue altar of Sif Muna.
  2149 | D:4      | Noticed dvd's ghost (amateur TrBe)
  2457 | D:4      | Reached XP level 7. HP: 68/68 MP: 6/6
  2543 | D:4      | Noticed Blork the orc
  2552 | D:4      | Killed Blork the orc
  2552 | D:4      | Reached skill level 1 in Shields
  2713 | D:4      | Found an ancient bone altar of Kikubaaqudgha.
  2804 | D:4      | Killed dvd's ghost
  2804 | D:4      | Reached skill level 3 in Armour
  2804 | D:4      | Reached skill level 5 in Unarmed Combat
  2923 | D:4      | Found a staircase to the Ecumenical Temple.
  2946 | Temple   | Entered the Ecumenical Temple
  2959 | Temple   | Became a worshipper of the Wu Jian Council
  2959 | Temple   | Reached * piety under Wu Jian
  2959 | Temple   | Reached ** piety under Wu Jian
  3231 | D:5      | Entered Level 5 of the Dungeon
  3373 | D:5      | Found Kippiuk's Antique Armour Boutique.
  3381 | D:5      | Bought an embroidered robe for 103 gold pieces
  3438 | D:5      | Noticed Eustachio
  3469 | D:5      | Killed Eustachio
  3469 | D:5      | Reached XP level 8. HP: 71/79 MP: 7/7
  3583 | D:5      | Found a bloodstained altar of Trog.
  3817 | D:5      | Found an opulent altar of Gozag.
  4377 | D:6      | Found a blossoming altar of Fedhas.
  4397 | D:6      | Reached skill level 3 in Shields
  4614 | D:6      | Reached skill level 6 in Unarmed Combat
  4698 | D:6      | Noticed Edmund
  4732 | D:6      | Killed Edmund
  5001 | D:7      | Reached XP level 9. HP: 51/88 MP: 8/8
  5230 | D:7      | Found an iron altar of Okawaru.
  5306 | D:7      | Got a slimy war axe
  5307 | D:7      | Identified the +4 war axe of Asaotz {antimagic, rC+ Str+2} (You found it on level 7 of the Dungeon)
  5526 | D:7      | Reached *** piety under Wu Jian
  6023 | D:8      | Found a radiant altar of Vehumet.
  6125 | D:8      | Found a shadowy altar of Dithmenos.
  6215 | D:8      | Found a stormy altar of Qazlal.
  6583 | D:8      | Found a glowing golden altar of the Shining One.
  6701 | D:8      | Found Affu's Magic Scroll Shop.
  6704 | D:8      | Bought a scroll of enchant armour for 90 gold pieces
  6704 | D:8      | Bought a scroll of teleportation for 36 gold pieces
  6704 | D:8      | Bought a scroll of magic mapping for 42 gold pieces
  6704 | D:8      | Bought a scroll of enchant weapon for 90 gold pieces
  6704 | D:8      | Bought a scroll of blinking for 90 gold pieces
  6704 | D:8      | Bought a scroll of remove curse for 36 gold pieces
  6704 | D:8      | Bought a scroll of identify for 24 gold pieces
  6801 | D:9      | Found Muki's Magic Scroll Emporium.
  6909 | D:9      | Found a staircase to the Lair.
  6937 | D:9      | Reached skill level 7 in Unarmed Combat
  7567 | D:9      | Reached skill level 6 in Dodging
  7870 | D:10     | Entered Level 10 of the Dungeon
  7878 | D:10     | Reached skill level 6 in Fighting
  7882 | D:10     | Reached XP level 10. HP: 64/98 MP: 9/9
  7913 | D:10     | Reached **** piety under Wu Jian
  7984 | D:10     | Noticed a manticore
  7998 | D:10     | Killed a manticore
  8286 | D:10     | Noticed Sonja
  8322 | D:10     | Killed Sonja
  8435 | D:11     | Noticed a two-headed ogre
  8443 | D:11     | Killed a two-headed ogre
  8443 | D:11     | Reached skill level 6 in Armour
  8443 | D:11     | Reached skill level 8 in Unarmed Combat
  8530 | D:11     | Found Keapucs's Antique Weapon Shoppe.
  9349 | Lair:1   | Entered Level 1 of the Lair of Beasts
  9371 | D:9      | Reached XP level 11. HP: 76/107 MP: 10/10
  9639 | Lair:1   | Reached skill level 6 in Shields
 10307 | Lair:2   | HP: 3/109 [wolf (8)]
 10500 | Lair:2   | Reached skill level 9 in Unarmed Combat
 10516 | Lair:2   | Noticed a queen ant
 10537 | Lair:2   | Noticed a five-headed hydra
 10543 | Lair:2   | Killed a queen ant
 10876 | Lair:2   | Identified a scroll of acquirement
 11240 | Lair:2   | Found a staircase to the Swamp.
 11328 | Lair:2   | Killed a 12-headed hydra
 11434 | Lair:2   | Reached XP level 12. HP: 95/119 MP: 11/11
 11658 | Lair:3   | Noticed EnegeticOcto's ghost (journeyman DrTm)
 11678 | Lair:3   | Killed EnegeticOcto's ghost
 11778 | Lair:3   | Reached ***** piety under Wu Jian
 11788 | Lair:3   | HP: 5/119 [poisoned by a spiny frog]
 11793 | Lair:3   | HP: 4/119 [poisoned by a spiny frog]
 11798 | Lair:3   | HP: 5/119 [poisoned by a spiny frog]
 11810 | Lair:3   | Slain by a yak

Vault maps used:
D:1:      dpeg_arrival_solitude
D:2:      led_sif_pool, uniq_natasha, uniq_sigmund
D:4:      nicolae_overflow_crystal_walls, minmay_temple_entry_statues_fountains,
          first_bread, uniq_blork_the_orc
D:5:      bloody_trog, kennysheep_mini_moat, serial_shops, shop, uniq_eustachio
D:6:      fedhas_bush_and_centaur_altar, kennysheep_generic_room_12, uniq_edmund
D:7:      okawaru_trees_1, grunt_ogre_cave
D:8:      lemuel_crystal_altar, old_standard_altar,
          nicolae_tso_carved_into_rock, serial_shops, shop, basic_altar
D:9:      lair_entry_dummy, serial_shops, shop
D:10:     uniq_sonja
D:11:     serial_shops, nicolae_shop_trees, grunt_decor_one_mirror,
          nrook_mini_backslash
Temple:   dshaligram_water_room_temple
Lair:1:   nicolae_quartered_pool_super, beast_lair_carwin_6,
          serial_bayou_shore_b
Lair:2:   minmay_swamp_entry_worms, nicolae_volcano_entry_batcave,
          zaba_antful_of_joy
Lair:3:   guppyfry_snake_entry_garden

Skill      XL: |  1  2  3  4  5  6  7  8  9 10 11 12 |
---------------+-------------------------------------+-----
Armour         | 1 2 3 4 5 6 7 |  7.6
Fighting       | 3 4 5 6 7 8 |  8.1
Dodging        | 3 4 5 6 7 8 |  8.1
Unarmed Combat | 4 5 6 7 8 9 |  9.7
Shields        | 2 3 4 5 6 7 |  7.1
Stealth        | |  1.0

Action                   |  1- 3 |  4- 6 |  7- 9 | 10-12 || total
-------------------------+-------+-------+-------+-------++-------
Melee: Unarmed           |    71 |   127 |   420 |   596 ||  1214
       Punch             |       |     3 |     3 |       ||     6
       Giant spiked club |       |       |    99 |       ||    99
       War axe           |       |       |     6 |       ||     6
Invok: Serpent's Lash    |       |       |     3 |    11 ||    14
Evoke: Wand              |       |       |       |    16 ||    16
  Use: Scroll            |       |     1 |    12 |     9 ||    22
       Potion            |       |       |       |     1 ||     1
 Stab: Sleeping          |     4 |     1 |     2 |     3 ||    10
       Distracted        |       |       |     1 |       ||     1
       Paralysed         |       |       |       |     3 ||     3
  Eat: Chunk             |    12 |    16 |    56 |    47 ||   131
       Meat ration       |       |       |     1 |       ||     1
Armor: Robe              |    27 |    32 |   245 |    84 ||   388
Dodge: Dodged            |    25 |    65 |   262 |   190 ||   542
Block: Shield            |       |       |    44 |   218 ||   262

Table legend:
 A = Spawn XP
 B = Non-spawn XP
 C = Spawn XP percentage of total XP
 D = Spawn monster count
 E = Non-spawn monster count
 F = Spawn count percentage of total count
 G = Total turns spent on level
                    A         B        C        D         E        F      G
               +---------+---------+-------+---------+---------+-------+---------
         Total |       0 |   24369 |   0.0 |       0 |     320 |   0.0 | 11810
               +---------+---------+-------+---------+---------+-------+---------
           D:1 |       0 |      58 |   0.0 |       0 |      24 |   0.0 |   800
           D:2 |       0 |     349 |   0.0 |       0 |      16 |   0.0 |   548
           D:3 |       0 |     188 |   0.0 |       0 |      26 |   0.0 |   989
           D:4 |       0 |     756 |   0.0 |       0 |      23 |   0.0 |   904
           D:5 |       0 |     257 |   0.0 |       0 |      11 |   0.0 |   801
           D:6 |       0 |    1138 |   0.0 |       0 |      24 |   0.0 |   922
           D:7 |       0 |     891 |   0.0 |       0 |      18 |   0.0 |  1026
           D:8 |       0 |     675 |   0.0 |       0 |      22 |   0.0 |   778
           D:9 |       0 |    1392 |   0.0 |       0 |      27 |   0.0 |  1244
          D:10 |       0 |    3151 |   0.0 |       0 |      24 |   0.0 |   575
          D:11 |       0 |    2334 |   0.0 |       0 |      23 |   0.0 |   844
        Lair:1 |       0 |    3996 |   0.0 |       0 |      23 |   0.0 |   949
        Lair:2 |       0 |    7051 |   0.0 |       0 |      53 |   0.0 |  1254
        Lair:3 |       0 |    2133 |   0.0 |       0 |       6 |   0.0 |   153
               +---------+---------+-------+---------+---------+-------+---------
